 Dungeon Crawl Stone Soup version 0.28.0-53-g5a82cb258f (webtiles) character file.

Game seed: 2009807044701276957

375 Destapler the Ruffian (level 6, -1/51 HPs)
             Began as a Gnoll Wanderer on July 20, 2022.
             Succumbed to a gnoll's poison
             ... on level 4 of the Dungeon.
             The game lasted 00:12:56 (4826 turns).

Destapler the Ruffian (Gnoll Wanderer)              Turns: 4826, Time: 00:12:56

Health: -1/51      AC:  5    Str: 13    XL:     6   Next: 72%
Magic:  2/14       EV: 11    Int: 13    God:
Gold:   163        SH:  0    Dex: 10    Spells: 11/15 levels left

rFire   . . .      SeeInvis .   a - +7 dagger "Beetleslayer" {protect, Will+}
rCold   . . .      Faith    .   (no shield)
rNeg    . . .      Spirit   .   c - +0 leather armour
rPois   .          Reflect  .   e - +1 helmet
rElec   .          Harm     .   (no cloak)
rCorr   .          Rampage  .   (no gloves)
Will    +....                   (no boots)
Stlth   ++........              (no amulet)
HPRegen 0.17/turn               (no ring)
MPRegen 0.14/turn               (no ring)

@: lethally poisoned (-1 -> -38)
A: fangs 1, strong nose, distributed training
a: no special abilities


You were on level 4 of the Dungeon.
You visited 1 branch of the dungeon, and saw 4 of its levels.
You also visited: Sewer.

You collected 163 gold pieces.

Inventory:

Hand Weapons
 a - the +7 dagger "Beetleslayer" (weapon) {protect, Will+}
   (You found it on level 2 of the Dungeon)

   It grants its wielder temporary protection when it strikes (+7 to AC).
   Will:      It increases your willpower.
 r - a +3 dagger
Armour
 c - a +0 leather armour (worn)
 e - a +1 helmet (worn)
Scrolls
 b - a scroll of fog
 d - 2 scrolls of fear
 g - 2 scrolls of teleportation {unknown}
 h - 2 scrolls of vulnerability {unknown}
 k - 2 scrolls of blinking {unknown}
 l - 4 scrolls of identify {unknown}
 m - a scroll of enchant weapon {unknown}
 p - a scroll of enchant armour {unknown}
 q - a scroll of magic mapping
Potions
 f - 3 potions of might {unknown}
 i - 2 potions of haste {unknown}
 j - 3 potions of heal wounds {unknown}
 n - a potion of invisibility {unknown}
 o - 2 potions of magic {unknown}
 s - 2 potions of berserk rage {unknown}
 t - a potion of brilliance {unknown}


   Skills:
 + Level 5.0 Fighting
 + Level 2.1 Short Blades
 + Level 2.1 Long Blades
 + Level 2.1 Axes
 + Level 2.1 Maces & Flails
 + Level 2.1 Polearms
 + Level 2.1 Staves
 + Level 2.1 Slings
 + Level 2.1 Bows
 + Level 2.1 Crossbows
 + Level 2.1 Throwing
 + Level 2.1 Armour
 + Level 2.1 Dodging
 + Level 2.1 Stealth
 + Level 2.1 Shields
 + Level 6.9 Unarmed Combat
 + Level 5.4 Spellcasting
 + Level 1.6 Conjurations
 + Level 1.6 Hexes
 + Level 1.6 Summonings
 + Level 4.1 Necromancy
 + Level 1.6 Translocations
 + Level 1.6 Transmutations
 + Level 1.6 Fire Magic
 + Level 1.6 Ice Magic
 + Level 1.6 Air Magic
 + Level 1.6 Earth Magic
 + Level 1.6 Poison Magic
 + Level 2.3 Invocations
 + Level 3.3 Evocations


You had 11 spell levels left.
You knew the following spells:

 Your Spells              Type           Power      Damage    Failure   Level
a - Pain                  Necr           56%        1d6       4%          1
z - Vampiric Draining     Necr           14%        2d7       12%         3

Your spell library contained the following spells:

 Spells                   Type           Power      Damage    Failure   Level
 Animate Skeleton         Necr           28%        N/A       4%          1
 Mephitic Cloud           Conj/Pois/Air  7%         N/A       34%         3
 Summon Guardian Golem    Hex/Summ       7%         N/A       34%         3
 Orb of Destruction       Conj           3%         9d5       100%        7
 Spellforged Servitor     Conj/Summ      3%         N/A       100%        7
 Death's Door             Necr           7%         N/A       100%        9


Dungeon Overview and Level Annotations

Branches:
Dungeon (4/15)             Temple (0/1) D:4           Sewer (visited)

Altars:
Qazlal


Innate Abilities, Weirdness & Mutations

You have very sharp teeth.
Your uncanny sense of smell can sniff out nearby items.
Your experience applies equally to all skills.


Message History

No target in view!
Things that are here:
a +0 flail; a +0 chain mail A gnoll comes into view.
It is wielding a +0 club.
The gnoll shouts!
The gnoll writhes in agony.
You hear a shout! x2
A gnoll comes into view. It is wielding a +0 flail.
The gnoll writhes in agony.
The gnoll shouts!
The gnoll barely resists.
A gnoll comes into view. It is wielding a +1 spear of venom.
The gnoll writhes in agony.
The gnoll writhes in agony.
The gnoll hits you with a +0 club.
A gnoll comes into view. It is wielding a +0 halberd.
The gnoll writhes in agony.
The gnoll barely misses you.
The gnoll barely resists.
The gnoll writhes in agony.
The gnoll writhes in agony.
You kill the gnoll!
The gnoll writhes in agony.
You kill the gnoll!
The gnoll writhes in agony.
The gnoll hits you with a +1 spear of venom.
The gnoll writhes in agony.
The gnoll hits you but does no damage.
You are poisoned.
The gnoll barely resists.
You feel sick.
The gnoll hits you with a +1 spear of venom.
You are more poisoned.
The gnoll writhes in agony.
You feel very sick.
The gnoll hits you with a +1 spear of venom.
* * * LOW HITPOINT WARNING * * *
You are lethally poisoned!
* * * LOW HITPOINT WARNING * * *
You feel very sick.
The gnoll hits you from afar with a +1 spear of venom!
* * * LOW HITPOINT WARNING * * *
You are more poisoned.
You die...

*,* *,,,,,,......#
#......).# *,*
*,*,*,*.#.#..*
#..#####.# *,*
*,,,,,,.....,* #..#
#.# *,*
*****###...*,* #..#
#..
*,*****#####....,,,*
##.# #.#
*,,,,,,......g.#****
#.#####.#
***********#.#.#
#.......# #.#.#
##....... #.#@#
#.######
#.#.#########.######
#....#...........>.#
#..#...######.####.#
##.).### #.# #..
##.#########.# ###
#...........#
#############


You could see a gnoll.

Vanquished Creatures
  Pargi (Sewer)
  Jessica (D:3)
  An iguana (D:4)
  2 gnolls (D:4)
  4 adders
  4 river rats (D:4)
  An ufetubus (D:4)
  An adder skeleton (D:2)
  2 worms
  3 dart slugs
  7 orcs
  10 endoplasms
  6 giant cockroaches
  6 goblins
  11 hobgoblins
  9 jackals (D:3)
  6 kobolds
  4 quokkas
  7 ball pythons
  8 bats
  6 frilled lizards
  6 rats
106 creatures vanquished.

Vanquished Creatures (others)
  2 fungi (D:2)
  4 plants (D:2)
6 creatures vanquished.

Grand Total: 112 creatures vanquished

Notes
Turn   | Place    | Note
-------+----------+-------------------------------------------
     0 | D:1      | Destapler the Gnoll Wanderer began the quest for the Orb.
     0 | D:1      | Destapler set off with the following items: a +0 club, a
                  | scroll of fog, a +0 leather armour, 2 scrolls of fear; and
                  | the following spell memorised: Pain; and the following
                  | spells available to memorise: Vampiric Draining
     0 | D:1      | Reached XP level 1. HP: 20/20 MP: 6/6
   339 | D:1      | Reached XP level 2. HP: 23/26 MP: 4/7
   848 | D:1      | Reached XP level 3. HP: 30/31 MP: 7/9
   906 | D:1      | Reached skill level 5 in Spellcasting
  1345 | D:2      | Reached skill level 1 in Invocations
  1452 | D:2      | Reached skill level 1 in Short Blades
  1452 | D:2      | Reached skill level 1 in Long Blades
  1452 | D:2      | Reached skill level 1 in Axes
  1452 | D:2      | Reached skill level 1 in Maces & Flails
  1452 | D:2      | Reached skill level 1 in Polearms
  1452 | D:2      | Reached skill level 1 in Staves
  1452 | D:2      | Reached skill level 1 in Slings
  1452 | D:2      | Reached skill level 1 in Bows
  1452 | D:2      | Reached skill level 1 in Crossbows
  1452 | D:2      | Reached skill level 1 in Throwing
  1452 | D:2      | Reached skill level 1 in Armour
  1452 | D:2      | Reached skill level 1 in Dodging
  1452 | D:2      | Reached skill level 1 in Stealth
  1452 | D:2      | Reached skill level 1 in Shields
  1503 | D:2      | Identified the +7 dagger "Beetleslayer" {protect, Will+}
  1556 | D:2      | Learned a level 3 spell: Vampiric Draining
  1629 | D:2      | Reached XP level 4. HP: 38/38 MP: 11/11
  1691 | D:2      | Found a faded altar of an unknown god.
  1840 | D:2      | Reached skill level 1 in Conjurations
  1840 | D:2      | Reached skill level 1 in Hexes
  1840 | D:2      | Reached skill level 1 in Summonings
  1840 | D:2      | Reached skill level 1 in Translocations
  1840 | D:2      | Reached skill level 1 in Transmutations
  1840 | D:2      | Reached skill level 1 in Fire Magic
  1840 | D:2      | Reached skill level 1 in Ice Magic
  1840 | D:2      | Reached skill level 1 in Air Magic
  1840 | D:2      | Reached skill level 1 in Earth Magic
  1840 | D:2      | Reached skill level 1 in Poison Magic
  2797 | D:3      | Noticed Jessica
  2817 | D:3      | Killed Jessica
  2818 | D:3      | Reached XP level 5. HP: 36/43 MP: 6/12
  3469 | D:4      | Found a glowing drain.
  3523 | Sewer    | Entered a sewer
  3820 | Sewer    | Noticed Pargi
  3841 | Sewer    | Killed Pargi
  3842 | Sewer    | Reached XP level 6. HP: 27/50 MP: 7/14
  4068 | D:4      | Reached skill level 5 in Fighting
  4143 | D:4      | Got the Guide on Unholy Poisoning
  4397 | D:4      | Found a stormy altar of Qazlal.
  4826 | D:4      | Succumbed to a gnoll's poison

Illustrated notes

Levels and vault maps discovered:
D:1:      dpeg_arrival_rooms_b, layout_basic, st_stairs_1, minivault_11,
          solitary_fountain, minmay_tromino_v4_b
D:2:      layout_loops_ring, shapermc_ecumenical_altar_mp_ritualfount
D:3:      layout_basic, kennysheep_generic_room_5, uniq_jessica
D:4:      layout_loops_ring, nicolae_vehumet_radiance,
          nicolae_overflow_crystal_walls, minmay_temple_entry_glass,
          portal_sewer_entry_c, uniq_edmund

Skill      XL: |  1  2  3  4  5  6 |
---------------+-------------------+-----
Spellcasting   | 5 |  5.4
Invocations    | 1 2 |  2.3
Short Blades   | 1 2 |  2.1
Long Blades    | 1 2 |  2.1
Axes           | 1 2 |  2.1
Maces & Flails | 1 2 |  2.1
Polearms       | 1 2 |  2.1
Staves         | 1 2 |  2.1
Slings         | 1 2 |  2.1
Bows           | 1 2 |  2.1
Crossbows      | 1 2 |  2.1
Throwing       | 1 2 |  2.1
Armour         | 1 2 |  2.1
Dodging        | 1 2 |  2.1
Stealth        | 1 2 |  2.1
Shields        | 1 2 |  2.1
Conjurations   | 1 |  1.6
Hexes          | 1 |  1.6
Summonings     | 1 |  1.6
Translocations | 1 |  1.6
Transmutations | 1 |  1.6
Fire Magic     | 1 |  1.6
Ice Magic      | 1 |  1.6
Air Magic      | 1 |  1.6
Earth Magic    | 1 |  1.6
Poison Magic   | 1 |  1.6
Evocations     | 3 |  3.3
Necromancy     | 4 |  4.1
Fighting       | 5 |  5.0
Unarmed Combat | |  6.9

Action                   |  1- 3 |  4- 6 || total
-------------------------+-------+-------++-------
Melee: Club              |     3 |       ||     3
       Short sword       |    11 |       ||    11
       Dagger            |     9 |    80 ||    89
       Bite              |       |     6 ||     6
       Punch             |       |     1 ||     1
 Cast: Pain              |    72 |   130 ||   202
       Vampiric Draining |       |     1 ||     1
  Use: Scroll            |       |     1 ||     1
Armor: Leather armour    |    20 |    57 ||    77
Dodge: Dodged            |    30 |    90 ||   120
